 Dungeon Crawl Stone Soup version 0.29.1-1-gd02db6906a (console) character file.

Game seed: 3214180418081570329

168 erker the Digger (level 5, 0/31 HPs)
             Began as an Octopode Earth Elementalist on Oct 4, 2022.
             Was an Initiate of Gozag.
             Slain by an iguana (14 damage)
             ... on level 4 of the Dungeon.
             The game lasted 00:09:20 (3513 turns).

erker the Digger (Octopode Earth Elementalist)      Turns: 3513, Time: 00:09:20

Health: 0/31       AC:  1    Str:  7    XL:     5   Next: 48%
Magic:  4/8        EV: 17    Int: 19    God:    Gozag
Gold:   256        SH:  5    Dex: 13    Spells: 5/8 levels left

rFire   . . .      SeeInvis .   p - +0 dagger (protect)
rCold   . . .      Faith    .   (no shield)
rNeg    . . .      Spirit   .   (helmet restricted)
rPois   .          Reflect  +   o - amulet of reflection
rElec   .          Harm     .   n - +4 ring of evasion
rCorr   .          Rampage  .   (no ring)
Will    .....                   (no ring)
Stlth   +++.......              (no ring)
HPRegen 0.10/turn               (no ring)
MPRegen 0.11/turn               (no ring)
                                (no ring)
                                (no ring)

@: no status effects
A: almost no armour, amphibious, 8 rings, camouflage 1, gelatinous body 1,
(nimble swimmer 1), tentacles
a: Renounce Religion, Potion Petition, Call Merchant, Bribe Branch


You were on level 4 of the Dungeon.
You worshipped Gozag.
Gozag was aware of your devotion.
You visited 1 branch of the dungeon, and saw 4 of its levels.

You collected 301 gold pieces.
You paid 45 gold pieces to Gozag.

Inventory:

Hand Weapons
 k - a +1 dagger of draining
 p - a +0 dagger of protection (weapon)
Missiles
 f - 2 javelins
 m - 4 curare-tipped darts
Jewellery
 n - a +4 ring of evasion (left tentacle)
 o - an amulet of reflection (around mantle)
Scrolls
 b - a scroll of torment {unknown}
 d - a scroll of immolation {unknown}
 h - 4 scrolls of blinking {unknown}
 l - a scroll of vulnerability {unknown}
 r - 2 scrolls of butterflies {unknown}
 s - a scroll of magic mapping {unknown}
 t - a scroll of teleportation {unknown}
Potions
 a - a potion of magic
 c - a potion of resistance {unknown}
 e - a potion of lignification {unknown}
 g - 2 potions of mutation {unknown}
 i - 5 potions of curing {unknown}
 j - 2 potions of berserk rage {unknown}
 q - a potion of might {unknown}
 u - a potion of ambrosia {unknown}


   Skills:
 - Level 2.0 Short Blades
 - Level 2.0 Dodging
 - Level 4.0 Stealth
 - Level 2.0 Spellcasting
 + Level 2.9 Transmutations
 + Level 4.2 Earth Magic


You had 5 spell levels left.
You knew the following spells:

 Your Spells              Type           Power      Damage    Failure   Level
a - Sandblast             Erth           34%        2d9       3%          1
w - Passwall              Tmut/Erth      12%        N/A       6%          2

Your spell library contained the following spells:

 Spells                   Type           Power      Damage    Failure   Level
 Sting                    Tmut/Pois      28%        1d4       10%         1
 Stone Arrow              Conj/Erth      18%        3d8       22%         3
 Poisonous Vapours        Pois/Air       2%         N/A       26%         2
 Petrify                  Tmut/Erth      15%        N/A       36%         4
 Call Canine Familiar     Summ           1%         N/A       45%         3
 Gell's Gravitas          Tloc           1%         N/A       45%         3
 Lesser Beckoning         Tloc           1%         N/A       45%         3
 Ozocubu's Armour         Ice            1%         N/A       45%         3
 Portal Projectile        Hex/Tloc       2%         N/A       45%         3
 Teleport Other           Tloc           1%         N/A       45%         3
 Leda's Liquefaction      Hex/Erth       4%         N/A       56%         4
 Olgreb's Toxic Radiance  Pois           1%         N/A       86%         4
 Ozocubu's Refrigeration  Ice            0%         4d7       100%        7


Dungeon Overview and Level Annotations

Branches:
Dungeon (4/15)
 Temple: D:4-7

Altars:
Gozag
Hepliaklqana

Shops:
D:2 (

Annotations:
D:2 Sigmund


Innate Abilities, Weirdness & Mutations

You cannot wear most types of armour.
You are amphibious.
You can wear up to eight rings at the same time.
Your skin changes colour to match your surroundings (Stealth+).
Your rubbery body absorbs attacks. (AC +1, EV +1)
((You are camouflaged when in or above water. (Stealth+)))
You have tentacles for arms and can constrict up to eight enemies at once.


Message History

You now have 253 gold pieces (gained 13).
You now have 256 gold pieces (gained 3).
Found a stone staircase leading up.
You see here a +0 robe.
An iguana comes into view.
The iguana hisses angrily.
You see here the +10 long sword of Vodka {flame, *Noise rC+ Str+4}.
Casting: Sandblast (safe; 3% risk of failure)
Confirm with . or Enter, or press ? or * to list all spells.
Aiming: Sandblast (safe; 3% risk of failure)
Press: ? - help, Shift-Dir - straight line, f - iguana
Aim: an iguana (84% to hit)
The blast of sand hits the iguana.
The iguana is moderately wounded.
Casting: Sandblast (safe; 3% risk of failure)
Confirm with . or Enter, or press ? or * to list all spells.
Aiming: Sandblast (safe; 3% risk of failure)
Press: ? - help, Shift-Dir - straight line, f/p - iguana
Aim: an iguana (moderately wounded, 84% to hit)
The blast of sand hits the iguana but does no damage.
The iguana is moderately wounded.
The iguana closely misses you.
Casting: Sandblast (safe; 3% risk of failure)
Confirm with . or Enter, or press ? or * to list all spells.
Aiming: Sandblast (safe; 3% risk of failure)
Press: ? - help, Shift-Dir - straight line, f/p - iguana
Aim: an iguana (moderately wounded, 84% to hit)
The blast of sand hits the iguana but does no damage.
The iguana is moderately wounded.
The iguana bites you! The iguana bites you.
Casting: Sandblast (safe; 3% risk of failure)
Confirm with . or Enter, or press ? or * to list all spells.
Aiming: Sandblast (safe; 3% risk of failure)
Press: ? - help, Shift-Dir - straight line, f/p - iguana
Aim: an iguana (moderately wounded, 84% to hit)
The blast of sand hits the iguana!
The iguana is heavily wounded.
The iguana bites you!
You die...
Your body crumbles into a pile of gold.

###### #....# #....# #
##..).####.
.#############..........
..............[.........
#....l@.####.#.......##
≈≈.##.#####................
≈§.....<...................
≈..#####.#............#####
#...........#[##
###.##........###.# $ ####
##..#.............# ...#
#.....<............. #..
##...................


You could see an iguana.

Vanquished Creatures
  3 gnolls (D:3)
  4 adders
  2 dart slugs
  6 orcs
  4 bats
  7 endoplasms
  7 giant cockroaches
  8 goblins
  7 hobgoblins
  7 jackals
  3 quokkas (D:1)
  7 ball pythons
  4 frilled lizards
  9 kobolds
  5 rats
83 creatures vanquished.

Notes
Turn   | Place    | Note
-------+----------+-------------------------------------------
     0 | D:1      | erker the Octopode Earth Elementalist began the quest for
                  | the Orb.
     0 | D:1      | Reached XP level 1. HP: 11/11 MP: 3/3
   247 | D:1      | Reached XP level 2. HP: 17/17 MP: 5/5
   250 | D:1      | Learned a level 2 spell: Passwall
   938 | D:1      | Reached XP level 3. HP: 16/21 MP: 1/6
  1208 | D:1      | Found a faded altar of an unknown god.
  1385 | D:2      | Reached skill level 1 in Short Blades
  1610 | D:2      | Reached XP level 4. HP: 27/27 MP: 5/7
  1629 | D:2      | Found Sell's Antique Weapon Boutique.
  2008 | D:2      | Noticed Sigmund
  2511 | D:3      | Identified the +3 ring mail of Narcissism {+Blink rN+++
                  | Str+3 Int+3}
  2789 | D:3      | Found an opulent altar of Gozag.
  2793 | D:3      | Became a worshipper of Gozag Ym Sagoz the Greedy
  3028 | D:3      | Reached XP level 5. HP: 23/31 MP: 5/8
  3284 | D:4      | Found a hazy altar of Hepliaklqana.
  3509 | D:4      | Identified the +10 long sword of Vodka {flame, *Noise rC+
                  | Str+4}
  3513 | D:4      | Slain by an iguana

Illustrated notes

Levels and vault maps discovered:
D:1:      spicycebolla_arrival_xxxplode, layout_basic,
          chequers_ecumenical_altar_island, nrook_campfire,
          hangedman_decor_clover_reticule, minmay_vboxes
D:2:      layout_rooms, serial_shops, nicolae_shop_stone, minmay_nonomino_d4,
          uniq_sigmund
D:3:      layout_basic, mainiacjoe_overflow_alcove_4
D:4:      layout_rooms, mainiacjoe_overflow_catwalk, old_standard_altar,
          mainiacjoe_overflow_swirl, marbit_many_paths,
          minmay_temple_entry_metal_lava, serial_shops, nicolae_square_shop,
          uniq_edmund

Skill      XL: |  1  2  3  4  5 |
---------------+----------------+-----
Stealth        | 3 4 |  4.0
Short Blades   | 1 2 |  2.0
Transmutations | 2 |  2.9
Earth Magic    | 4 |  4.2
Dodging        | |  2.0
Spellcasting   | |  2.0

Action                   |  1- 3 |  4- 6 || total
-------------------------+-------+-------++-------
Melee: Dagger            |    19 |    64 ||    83
       Constrict         |     5 |    15 ||    20
       Tentacles         |     2 |    12 ||    14
       Punch             |     1 |       ||     1
 Cast: Sandblast         |    35 |    39 ||    74
       Passwall          |       |     3 ||     3
 Stab: Sleeping          |     2 |     4 ||     6
       Distracted        |       |     1 ||     1
Armor: Skin              |     3 |    10 ||    13
Dodge: Dodged            |    18 |    40 ||    58
Block: Other             |       |     8 ||     8
